[Event "Live Chess"]
[Site "Chess.com"]
[Date "2023.05.21"]
[Round "-"]
[White "apl_trainer"]
[Black "WilliamofOrange16th"]
[Result "1/2-1/2"]
[WhiteElo "1775"]
[BlackElo "1871"]
[TimeControl "300"]
[EndTime "3:32:19 PDT"]
[Termination "Game drawn by agreement"]

1. d4 d5 2. c4 c6 3. Nf3 Nf6 4.
Nc3 a6 5. c5 Bf5 6. Qb3 Qc8 7.
Bf4 Nbd7 8. h3 e6 9. e3 h6 10. Be2 Be7 11. O-O O-O 12. Rac1 Bd8 13. Na4 Bc7 14. Rfe1 Bxf4 15. exf4 Ne4 16. Ne5 Rb8 17. f3 Nef6 18. Bd3 Bxd3 19. Qxd3 Nh5 20. Qe3 Ng3 21. Kh2 Nf5 22. Qd3 f6 23. Ng6 Re8 24. g4 Ne7 25. Rc2 Nxg6 26. Qxg6 Nf8 27. Qd3 Qd7 28. Nb6 Qf7 29.
b4 Nd7 30. Nxd7 Qxd7 31. Qg6 Qf7 32. Qxf7+ Kxf7 33. a4 Ra8 34. Kg3 g6 35. a5 Re7 36.
Rce2 Rae8 37. h4 h5 38. g5 Rd7 39. Re3 Rde7 40. R1e2 Rd7 41. Re1 Rde7 1/2-1/2

[Event "Live Chess"]
[Site "Chess.com"]
[Date "2023.05.21"]
[Round "-"]
[White "SmoothBaron"]
[Black "AttackingSnowLeopard"]
[Result "1-0"]
[WhiteElo "2350"]
[BlackElo "2194"]
[TimeControl "300"]
[EndTime "3:32:26 PDT"]
[Termination "SmoothBaron won by resignation"]

1. e4 e5 2. Nc3 Nf6 3. Bc4 Nc6 4. d3 Na5 5. Qf3 Nxc4 6. dxc4 Bc5 7. Nge2 d6 8. Bg5 Be6 9. Nd5 Bxd5 10. cxd5 Qe7 11.
Ng3 h6 12. Nf5 hxg5 13. Nxe7 Kxe7 14. O-O-O Rh4 15. g3 Rxe4 16. Rhe1 Rxe1 17. Rxe1 g4 18. Qe2 Rh8 19. Rh1 Rh5 20. c4 Rf5 21. Rf1 Rf3 22. h3 e4 23. hxg4 g5 24. a3 a5 25.
Kd1 Kf8 26. Ke1 Nxg4 27. Qxe4 Ne5 28. Kd1 g4 29. Kc2 Rxf2+ 30. Rxf2 Bxf2 31. b4 axb4 32. axb4 Bxg3 33. Kc3 Bf2 34. Qf5 g3 35. b5 b6 36.
Qh3 Ke7 37. Kc2 Kf6 38. Kd1 Kg5 39. Ke2 f5 40. Kf1 Nxc4 41. Qh7 Ne3+ 42. Ke2 Nxd5 43. Qg8+ Kh4 44. Qxd5 f4 45. Kf3 g2 46. Kxf2 Kg4 47.
Qxg2+ Kf5 48. Qc6 Ke5 49. Qxc7 Kd4 50. Qxb6+ Kc4 51. Qc6+ Kb4 52. b6 1-0

[Event "Live Chess"]
[Site "Chess.com"]
[Date "2023.05.21"]
[Round "-"]
[White "TheSmoulderingMaster"]
[Black "JoshMcK"]
[Result "0-1"]
[WhiteElo "1676"]
[BlackElo "1518"]
[TimeControl "300"]
[EndTime "3:32:36 PDT"]
[Termination "JoshMcK won by resignation"]

1. e4 d6 2. d4 Nf6 3. Nc3 g6 4. Bf4 Bg7 5. Nf3 O-O 6. Qd2 Nbd7 7. O-O-O c5 8. dxc5 Nxc5 9. e5 Nfe4 10. Nxe4 Nxe4 11.
Qe3 Nc5 12. exd6 exd6 13. Bxd6 Qf6 14. Bxc5 Qxb2+ 15. Kd2 Rd8+ 16. Bd3 Bc3+ 17. Ke2 Bg4 18. h3 Re8 19. Be4 Bf5 20. Ng5 Bxe4 21. Nxe4 Qxc2+ 22. Kf3 f5 23. Rc1 fxe4+ 24. Kg3 Be5+ 25. Kg4 Qxa2 26. Qxe4 Qe6+ 27. Kf3 Qf6+ 28. Ke2 Bd6 29. f3 Rxe4+ 30. fxe4 Bxc5 31. Rxc5 Qb2+ 32. Kd3 Rd8+ 0-1

[Event "Live Chess"]
[Site "Chess.com"]
[Date "2023.05.21"]
[Round "-"]
[White "domrobson"]
[Black "The_Straightforward_Rook"]
[Result "1-0"]
[WhiteElo "1716"]
[BlackElo "1860"]
[TimeControl "300"]
[EndTime "3:33:00 PDT"]
[Termination "domrobson won by resignation"]

1. d4 Nf6 2. c4 e6 3. Nf3 Bb4+ 4. Bd2 a5 5. Nc3 O-O 6. e3 d5 7. cxd5 exd5 8. Bd3 Re8 9. O-O c6 10. Ne5 Nbd7 11. f4 Bxc3 12. Bxc3 Ne4 13. Rf3 f6 14. Nxd7 Bxd7 15. Qc2 Qe7 16. Re1 b5 17. Bxe4 Qxe4 18. Qxe4 Rxe4 19. Bd2 b4 20. Rc1 Kf7 21. Rc5 Ke6 22.
Rf1 Kd6 23. Rfc1 g5 24. g3 h5 25. Kf2 Re7 26. a3 bxa3 27. bxa3 a4 28. Bb4 1-0

[Event "Live Chess"]
[Site "Chess.com"]
[Date "2023.05.21"]
[Round "-"]
[White "hturner40"]
[Black "MJMykh"]
[Result "1-0"]
[WhiteElo "1814"]
[BlackElo "1158"]
[TimeControl "300"]
[EndTime "3:33:24 PDT"]
[Termination "hturner40 won by resignation"]

1. Nf3 Nc6 2. e4 e5 3. c3 Nf6 4. d4 exd4 5. e5 Nd5 6. Bc4 Nde7 7. cxd4 d5 8. exd6 cxd6 9. Bg5 h6 10. Bh4 Bg4 11. Nc3 Bxf3 12. Qxf3 f6 13. O-O-O a6 14. Rhe1 Qd7 15. Qh5+ g6 16. Qxg6+ Kd8 17. Qxf6 Rh7 18. Qxf8+ Kc7 19. Qxa8 1-0

[Event "Live Chess"]
[Site "Chess.com"]
[Date "2023.05.21"]
[Round "-"]
[White "chessleanstrategist"]
[Black "toxic_rabbit"]
[Result "1-0"]
[WhiteElo "453"]
[BlackElo "1961"]
[TimeControl "300"]
[EndTime "3:33:33 PDT"]
[Termination "chessleanstrategist won - game abandoned"]

1. c4 c6 2. Nf3 Nf6 3. Nc3 g6 4.
d4 Bg7 5. e3 O-O 6. g3 d5 7.
cxd5 cxd5 8. Bg2 Nc6 9. Ne5 e6 10. Nxc6 bxc6 11. O-O Ba6 12. Re1 Nd7 13. b4 Bc4 14. a4 Rb8 15. Ba3 Re8 16. Qc2 e5 17. Reb1 exd4 18. exd4 Bxd4 19. Rd1 Qf6 20. Ne2 Rxe2 21.
Qc1 Qxf2+ 22. Kh1 1-0

[Event "Live Chess"]
[Site "Chess.com"]
[Date "2023.05.21"]
[Round "-"]
[White "Biranidun"]
[Black "JoRoSaR"]
[Result "1-0"]
[WhiteElo "2540"]
[BlackElo "1680"]
[TimeControl "300"]
[EndTime "3:33:36 PDT"]
[Termination "Biranidun won by resignation"]

1. e4 c5 2. Nf3 Nc6 3. d4 cxd4 4.
Nxd4 e5 5. Nb5 d6 6. N1c3 a6 7. Na3 b5 8. Nd5 Nce7 9. c4 Nxd5 10.
exd5 b4 11. Qa4+ Bd7 12. Qxb4 Rb8 13. Qc3 f5 14. Be2 Nf6 15. O-O Be7 16. Nc2 O-O 17. b3 Ne4 18. Qe1 f4 19. f3 Nf6 20. Bd3 Qe8 21. Qe2 Qh5 22. Bxf4 Rbe8 23. Bg3 g5 24. h3 Qh6 25. Rae1 Nh5 26. Bh2 Nf4 27. Qd2 Qh4 28. Ne3 Bxh3 29. gxh3 Nxh3+ 30. Kh1 Rf6 31. Ng4 Rf7 32. Be4 h5 33. Ne3 g4 34. Nf5 Qg5 35.
Qxg5+ Nxg5 36. Nh6+ 1-0

[Event "Live Chess"]
[Site "Chess.com"]
[Date "2023.05.21"]
[Round "-"]
[White "bedsdrout"]
[Black "ItsNot_Jasper"]
[Result "0-1"]
[WhiteElo "571"]
[BlackElo "1373"]
[TimeControl "300"]
[EndTime "3:33:40 PDT"]
[Termination "ItsNot_Jasper won by checkmate"]

1. b4 e5 2. Nc3 Bxb4 3. e4 Bxc3 4. Bc4 Bb4 5. Qf3 Nf6 6. Nh3 h6 7. Nf4 exf4 8. Qxf4 O-O 9. Bd3 Re8 10. e5 Nc6 11. Qf5 Rxe5+ 12. Kf1 Rxf5 13. Bxf5 Qe7 14. Rb1 Nd4 15.
Rxb4 Qe2+ 16. Kg1 Qe1# 0-1

[Event "Live Chess"]
[Site "Chess.com"]
[Date "2023.05.21"]
[Round "-"]
[White "Mugzwang"]
[Black "CeladonFish"]
[Result "1-0"]
[WhiteElo "1565"]
[BlackElo "1090"]
[TimeControl "300"]
[EndTime "3:33:41 PDT"]
[Termination "Mugzwang won by resignation"]

1. Nf3 d5 2. c4 dxc4 3. e3 b5 4. a4 c6 5. axb5 cxb5 6. Ne5 Nf6 7. Qf3 Qd5 8. Qxd5 Nxd5 9. Na3 b4 10. Naxc4 f6 11. Nf3 b3 12. Na5 Nb4 13. Bb5+ Bd7 14. Bxd7+ Nxd7 15. O-O Nc5 16. d4 Ne4 17. Nxb3 Rb8 18.
Rxa7 Nc6 19. Ra3 e5 20. Nc5 Nxc5 21. dxc5 Bxc5 22. Rc3 Rb5 23. b4 Bxe3 24. Bxe3 Nxb4 25. Rc8+ 1-0

[Event "Live Chess"]
[Site "Chess.com"]
[Date "2023.05.21"]
[Round "-"]
[White "DoYouLikeCurry"]
[Black "gmnorfolk"]
[Result "0-1"]
[WhiteElo "1397"]
[BlackElo "2111"]
[TimeControl "300"]
[EndTime "3:33:49 PDT"]
[Termination "gmnorfolk won by resignation"]

1. e4 c5 2. Nc3 g6 3. f4 Bg7 4.
Nf3 d6 5. Bc4 e6 6. d3 Ne7 7.
O-O O-O 8. Qe1 d5 9. Bb3 Nbc6 10. Qh4 f5 11. exf5 Nxf5 12. Qxd8 Rxd8 13. Bd2 Ncd4 14. Nxd4 Nxd4 15. Rae1 b5 16. a3 c4 17. dxc4 dxc4 18. Ba2 Nxc2 19. Rc1 Rxd2 20. Nxb5 Ne3 0-1

[Event "Live Chess"]
[Site "Chess.com"]
[Date "2023.05.21"]
[Round "-"]
[White "JohanKjeldahl"]
[Black "Tushinskiy"]
[Result "0-1"]
[WhiteElo "1890"]
[BlackElo "2190"]
[TimeControl "300"]
[EndTime "3:34:01 PDT"]
[Termination "Tushinskiy won by resignation"]

1. c4 e5 2. Nc3 Nc6 3. e3 f5 4. g3 Nf6 5. Bg2 Be7 6. Nge2 O-O 7.
O-O d6 8. d4 e4 9. h4 h6 10. Nf4 Bd7 11. b3 Kh7 12. Bb2 Qe8 13. Rc1 Nd8 14. d5 Nf7 15. Nce2 Ne5 16. Nd4 Rf7 17. Nde6 Nfg4 18. Qe2 Rc8 19. f3 exf3 20. Bxf3 Nxf3+ 21. Qxf3 Bf6 22. Bxf6 Rxf6 23. e4 Ne5 24. Qe2 Bxe6 25. Nxe6 Qg6 26. Qe3 fxe4 27. Rxf6 Qxf6 28.
Qxe4+ Qg6 29. Qxg6+ Kxg6 30. Rf1 c6 31. Nf4+ Kh7 32.
Kg2 b5 33. dxc6 bxc4 34. bxc4 Rxc6 35. Rc1 Nxc4 36. Kh3 g5 37. hxg5 hxg5 38. Ne6 Kg6 39. Nd4 Rc8 40. Rc2 d5 41. Re2 Rf8 42. Kg4 Rf6 43. Re8 Ra6 44. Re6+ Rxe6 45. Nxe6 Ne5+ 46. Kh3 Kf5 47. Nd4+ Ke4 48. Nb5 d4 49. Kg2 Ke3 50. Kf1 d3 51. Ke1 Nc4 52. Nxa7 d2+ 53. Kd1 Nb2+ 54.
Kc2 d1=Q+ 55. Kxb2 Qd4+ 0-1

[Event "Live Chess"]
[Site "Chess.com"]
[Date "2023.05.21"]
[Round "-"]
[White "KeithArkell"]
[Black "nigelst"]
[Result "1-0"]
[WhiteElo "2497"]
[BlackElo "1708"]
[TimeControl "300"]
[EndTime "3:34:05 PDT"]
[Termination "KeithArkell won by resignation"]

1. d4 Nf6 2. Nf3 e6 3. c4 Bb4+ 4. Bd2 Qe7 5. g3 O-O 6. Bg2 Nc6 7. Nc3 Bxc3 8. Bxc3 Ne4 9. Rc1 Nxc3 10. Rxc3 d6 11. d5 Nb8 12. dxe6 Bxe6 13. O-O Nd7 14. Nd4 Rab8 15. Re3 Ne5 16. b3 Ng4 17. Rd3 Ne5 18.
Rd2 f5 19. Nxe6 c6 20. Nxf8 1-0

[Event "Live Chess"]
[Site "Chess.com"]
[Date "2023.05.21"]
[Round "-"]
[White "SupremeTactician"]
[Black "Abde2012"]
[Result "1-0"]
[WhiteElo "2219"]
[BlackElo "736"]
[TimeControl "300"]
[EndTime "3:34:13 PDT"]
[Termination "SupremeTactician won by resignation"]

1. e4 c6 2. d4 d5 3. Nc3 Be6 4. exd5 cxd5 5. Nf3 Nf6 6. Bb5+ Bd7 7. Qe2 Bxb5 8. Qxb5+ Nbd7 9. Bg5 e6 10. O-O Bd6 11.
Ne5 Qc8 12. Bxf6 gxf6 13. Nxd7 Qxd7 14. Rfe1 Qxb5 15. Nxb5 Bb4 16. c3 Ba5 17. Nd6+ Ke7 18. Nxb7 Bb6 19. Nc5 Bxc5 20. dxc5 Rac8 21. b4 a6 22. Rad1 Rhg8 23. Rxd5 Rcd8 24. Rxd8 Rxd8 25. a4 Rc8 26. f3 e5 27. Kf2 h5 28. Ke3 f5 29. Rd1 f4+ 30. Ke4 f6 31. Rd6 Rd8 32. Rxd8 Kxd8 33. b5 axb5 34. axb5 Kc7 35. Kf5 e4 36.
Kxe4 f5+ 37. Kxf5 Kb7 38. Kxf4 Ka7 39. Kg5 Kb7 40. Kxh5 Kc7 41. g4 Kb7 42. g5 Kc7 43. g6 Kb7 44. g7 Kc7 45. g8=Q 1-0

[Event "Live Chess"]
[Site "Chess.com"]
[Date "2023.05.21"]
[Round "-"]
[White "Berdgross"]
[Black "Woodpusher500"]
[Result "0-1"]
[WhiteElo "668"]
[BlackElo "1094"]
[TimeControl "300"]
[EndTime "3:34:56 PDT"]
[Termination "Woodpusher500 won by resignation"]

1. e4 e5 2. d3 Nc6 3. Nc3 Nf6 4.
Nf3 Bb4 5. Bg5 h6 6. Bxf6 Qxf6 7. a3 Ba5 8. b4 Bb6 9. b5 Ne7 10. Nd5 Nxd5 11. exd5 d6 12. c4 O-O 13. a4 a6 14.
a5 Ba7 15. Be2 axb5 16. cxb5 e4 17. dxe4 Bb6 18. axb6 Rxa1 19. Qxa1 Qxa1+ 20. Bd1 Qc3+ 21. Ke2 Qc4+ 22. Ke1 Qb4+ 23. Ke2 Qxb5+ 24. Ke1 Qxb6 25. Ke2 Re8 26. Bc2 Qb5+ 27. Bd3 Qb2+ 28. Ke3 f5 29. Rb1 Qc3 30. Nh4 fxe4 0-1

[Event "Live Chess"]
[Site "Chess.com"]
[Date "2023.05.21"]
[Round "-"]
[White "MJMykh"]
[Black "Biranidun"]
[Result "0-1"]
[WhiteElo "1158"]
[BlackElo "2540"]
[TimeControl "300"]
[EndTime "3:34:58 PDT"]
[Termination "Biranidun won by resignation"]

1. e4 c5 2. Nc3 g6 3. Nf3 Bg7 4. Bb5 a6 5. Bc4 e6 6. d3 b5 7. Bb3 Nc6 8. O-O Nge7 9. a3 O-O 10. Bg5 h6 11. Bxe7 Qxe7 12. Qe2 d6 13. a4 Rb8 14.
axb5 axb5 15. Ba2 b4 16. Nd1 Ra8 17. c3 b3 0-1

[Event "Live Chess"]
[Site "Chess.com"]
[Date "2023.05.21"]
[Round "-"]
[White "raminguy"]
[Black "seasidecastle27"]
[Result "1-0"]
[WhiteElo "1971"]
[BlackElo "1889"]
[TimeControl "300"]
[EndTime "3:35:06 PDT"]
[Termination "raminguy won by resignation"]

1. d4 d5 2. Nc3 e6 3. Bf4 Bd6 4. e3 Nf6 5. Nf3 c5 6. Ne5 Nc6 7. Bb5 Qc7 8. O-O Bd7 9. Bxc6 Bxc6 10. Bg3 Nd7 11. f4 g6 12. Qg4 f5 13.
Qh3 Nf6 14. Nxg6 Rg8 15. Ne5 O-O-O 16. Qh4 Ng4 17. Rfe1 Be7 18. Qxh7 Rh8 19. Qf7 cxd4 20. Qxe6+ Kb8 21. exd4 Rhf8 22. Nxc6+ bxc6 23. Qxe7 1-0

[Event "Live Chess"]
[Site "Chess.com"]
[Date "2023.05.21"]
[Round "-"]
[White "sanjesh_ananda"]
[Black "mammamiatwo"]
[Result "0-1"]
[WhiteElo "1232"]
[BlackElo "1375"]
[TimeControl "300"]
[EndTime "3:35:07 PDT"]
[Termination "mammamiatwo won on time"]

1. e4 e5 2. Nf3 Qf6 3. Nc3 c6 4. d4 exd4 5. Nxd4 Bc5 6. Be3 d6 7. Bc4 h6 8. O-O Ne7 9. Nde2 Bb6 10. Qd2 O-O 11. Ng3 Ng6 12. Nh5 Qe5 13. Ng3 Be6 14. Bb3 Nd7 15. Rad1 Bc7 16. f4 Qa5 17. f5 Bxb3 18.
fxg6 Bxc2 19. Qxc2 fxg6 20. Qd2 Bb6 21. Bxb6 Qxb6+ 22. Kh1 Rxf1+ 23. Rxf1 Qc5 0-1

[Event "Live Chess"]
[Site "Chess.com"]
[Date "2023.05.21"]
[Round "-"]
[White "HadesLearmonth"]
[Black "Davidagye"]
[Result "1/2-1/2"]
[WhiteElo "1197"]
[BlackElo "1672"]
[TimeControl "300"]
[EndTime "3:35:08 PDT"]
[Termination "Game drawn by repetition"]

1. e4 e5 2. Nf3 Nc6 3. Bb5 a6 4. Ba4 Nf6 5. Nc3 b5 6. Bb3 Bc5 7. Nd5 O-O 8. c3 h6 9. d4 exd4 10. cxd4 Ba7 11. Nxf6+ Qxf6 12. O-O Bb7 13. d5 Ne5 14. Nxe5 Qxe5 15. Qf3 Kh8 16. Bf4 Qxb2 17. Bxc7 Rae8 18. Qg3 Rxe4 19. Rae1 Rxe1 20. Rxe1 Qd2 21.
Ra1 f5 22. Be5 Qg5 23. Qc3 Rc8 24. Qe1 Bb6 25. h3 a5 26. a4 b4 27. g3 h5 28.
Bf4 Qg6 29. Qe5 h4 30. g4 fxg4 31. hxg4 Qxg4+ 32. Kf1 Ba6+ 33. Ke1 Qg1+ 34. Kd2 Qxf2+ 35. Kd1 Rc3 36. Qe8+ Kh7 37. Qh5+ Kg8 38. Qe8+ Kh7 39. Qh5+ Kg8 40. Qe8+ Kh7 1/2-1/2

[Event "Live Chess"]
[Site "Chess.com"]
[Date "2023.05.21"]
[Round "-"]
[White "WilliamofOrange16th"]
[Black "AttackingSnowLeopard"]
[Result "1-0"]
[WhiteElo "1885"]
[BlackElo "2179"]
[TimeControl "300"]
[EndTime "3:35:14 PDT"]
[Termination "WilliamofOrange16th won by resignation"]

1. e4 e5 2. Nf3 Nc6 3. Bc4 Bc5 4. O-O Nf6 5. d4 Bxd4 6. Nxd4 Nxd4 7. Bg5 h6 8. f4 d6 9. fxe5 dxe5 10. Bh4 Qe7 11.
c3 Ne6 12. Nd2 Bd7 13. Nf3 Nc5 14. Qe2 O-O-O 15. b4 Ncxe4 16. Bxf6 Nxf6 17. Qxe5 Rhe8 18. Rae1 Qe6 19. Bxe6 1-0

[Event "Live Chess"]
[Site "Chess.com"]
[Date "2023.05.21"]
[Round "-"]
[White "MMmaaxxxx"]
[Black "diana21strabt"]
[Result "1-0"]
[WhiteElo "2019"]
[BlackElo "1744"]
[TimeControl "300"]
[EndTime "3:35:18 PDT"]
[Termination "MMmaaxxxx won by resignation"]

1. e4 d5 2. exd5 Qxd5 3. Nf3 Nf6 4. Be2 Bg4 5. d4 Nc6 6. Be3 O-O-O 7. c4 Qe4 8. Nc3 Qg6 9. h3 Bxf3 10. Bxf3 e5 11. Bxc6 bxc6 12. Qa4 exd4 13. Qa6+ Kb8 14. O-O-O Bc5 15.
Na4 Bb6 16. Bf4 Qf5 17. Bg3 Ne4 18. c5 Nxg3 19. fxg3 Bxc5 20. Qxc6 Bb6 21. g4 Qg5+ 22. Kb1 Rd6 23. Qc4 Qg6+ 24. Ka1 Rhd8 25. Rhf1 Qe6 26. Qb5 Rd5 27. Qb4 R5d6 28. Nc5 Qd5 29. Rf5 Qc6 30. Rc1 Rd5 31. Na6+ Kb7 32. Rxc6 Kxc6 33.
Qc4+ Kb7 34. Rxd5 Rxd5 35. Qxd5+ Kxa6 36. b4 c6 37. Qxc6 d3 38. Qc4+ Kb7 39. Qxd3 1-0

[Event "Live Chess"]
[Site "Chess.com"]
[Date "2023.05.21"]
[Round "-"]
[White "OleksiyJr1"]
[Black "manthanit"]
[Result "0-1"]
[WhiteElo "979"]
[BlackElo "1096"]
[TimeControl "300"]
[EndTime "3:35:26 PDT"]
[Termination "manthanit won by resignation"]

1. e4 e6 2. Nf3 d6 3. e5 Nc6 4.
exd6 Bxd6 5. Nc3 Nge7 6. d4 Bb4 7. Bd2 O-O 8. a3 Bxc3 9. b4 Bxa1 10. Qxa1 a6 11. Bc4 f6 12. Be3 Kh8 13. O-O Nf5 14. Bf4 Nfxd4 15. Nxd4 Nxd4 16. Rd1 e5 17.
Be3 Ne2+ 18. Kf1 Qe7 19. Kxe2 Bg4+ 20. f3 Be6 21. Bxe6 Qxe6 22. Rd3 b6 23. Qd1 Qe7 24. Rd7 Qe6 25. Rxc7 Rad8 26. Qg1 Rc8 27. Bxb6 Rxc7 28.
Bxc7 Qc4+ 29. Kd1 Qxc7 30. Qe3 Rc8 31. Qd3 Rd8 32. Qxd8+ Qxd8+ 33. Kc1 Qd4 34. Kb1 Qc3 35.
Ka2 Qxc2+ 36. Ka1 Qxg2 37. a4 Qxh2 38. a5 Qh1+ 39. Kb2 Qxf3 40. b5 axb5 41. a6 Qa8 42. Kb3 Qxa6 43. Kb4 Qa4+ 44. Kc5 b4 45. Kd6 b3 46.
Ke7 Qh4 47. Kf7 b2 48. Kf8 b1=Q 49. Kf7 Qg1 50. Kf8 g5 51. Kf7 f5 52. Kf8 g4 53.
Kf7 f4 54. Kf8 e4 55. Kf7 f3 56. Kf8 e3 57. Kf7 g3 58. Ke8 Qg4 59. Kf8 h5 60. Kf7 h4 61. Ke8 h3 62. Ke7 h2 63.
Ke8 g2 64. Kf8 f2 65. Ke8 e2 66. Kf8 Qa1 67. Ke8 Qag7 68. Kd8 Qh6 69. Ke8 Qg3 70. Kd8 Qhf4 71. Ke8 Qge3+ 72. Kd7 Qfd4+ 73. Kc8 Qec3+ 74. Kb7 Qdb4+ 0-1

[Event "Live Chess"]
[Site "Chess.com"]
[Date "2023.05.21"]
[Round "-"]
[White "RockTroll"]
[Black "enoughtell"]
[Result "1-0"]
[WhiteElo "2234"]
[BlackElo "1107"]
[TimeControl "300"]
[EndTime "3:35:29 PDT"]
[Termination "RockTroll won by resignation"]

1. Nf3 e6 2. g3 d5 3. Bg2 c6 4. O-O Nf6 5. d3 Bd6 6. Nbd2 O-O 7. e4 dxe4 8. dxe4 Be7 9. Qe2 Na6 10. Nc4 b5 11.
Rd1 Qc7 12. Bf4 Qb7 13. Nd6 Bxd6 14. Bxd6 Rd8 15. e5 Nd5 16. Ng5 h6 17. Ne4 Bd7 18. Qg4 Be8 19. Rxd5 cxd5 20. Nf6+ Kh8 21. Bf8 g5 22.
Qh5 1-0

[Event "Live Chess"]
[Site "Chess.com"]
[Date "2023.05.21"]
[Round "-"]
[White "RoaringKnights"]
[Black "LiamClery2020"]
[Result "0-1"]
[WhiteElo "1074"]
[BlackElo "1994"]
[TimeControl "300"]
[EndTime "3:35:29 PDT"]
[Termination "LiamClery2020 won by checkmate"]

1. e4 Nf6 2. Nf3 Nxe4 3. Bc4 d5 4. Bb5+ c6 5. Bd3 Nf6 6. O-O e6 7. Re1 Bd6 8. c4 O-O 9. cxd5 cxd5 10. Nc3 Nc6 11.
Bc2 e5 12. d4 e4 13. Ng5 h6 14. Ngxe4 dxe4 15. Bxe4 Nxe4 16. Nxe4 Bf5 17. Nxd6 Qxd6 18. Qf3 Nxd4 19. Qh5 Bg6 20. Qd1 Rad8 21. Bd2 Nc2 22. Re2 Nxa1 23. Qxa1 Rfe8 24. Qe1 Rxe2 25. Qxe2 Qxd2 26. Qxd2 Rxd2 27. h3 Be4 28. Kh2 Rxf2 29. Kg3 Rxg2+ 30. Kf4 Rxb2 31. Kxe4 Rxa2 32. Kd5 Ra6 33.
Kc5 Rb6 34. Kc4 Rg6 35. h4 Rg3 36. h5 Rh3 37. Kc5 Rxh5+ 38. Kd6 Rf5 39. Kc7 Rf6 40. Kxb7 h5 41. Kxa7 h4 42. Kb7 h3 43. Kc7 h2 44.
Kd7 h1=Q 45. Kc7 Qc6+ 46. Kd8 Rd6+ 47. Ke7 Qc7+ 48. Ke8 Rd8# 0-1

[Event "Live Chess"]
[Site "Chess.com"]
[Date "2023.05.21"]
[Round "-"]
[White "JoshMcK"]
[Black "Trendle"]
[Result "0-1"]
[WhiteElo "1518"]
[BlackElo "2658"]
[TimeControl "300"]
[EndTime "3:35:30 PDT"]
[Termination "Trendle won by resignation"]

1. e4 e5 2. Nf3 Nc6 3. Bb5 a6 4. Ba4 Nf6 5. O-O b5 6. Bb3 Be7 7. c3 O-O 8. Re1 d5 9. Bc2 dxe4 10. Bxe4 Nxe4 11. Rxe4 Bf5 12. Re1 e4 13. Nd4 Nxd4 14.
cxd4 Qxd4 15. Nc3 Bc5 16. Re2 Bg4 17. Qe1 Rfe8 18. Nxe4 Bxe2 19. Qxe2 Rxe4 0-1

[Event "Live Chess"]
[Site "Chess.com"]
[Date "2023.05.21"]
[Round "-"]
[White "CeladonFish"]
[Black "ItsNot_Jasper"]
[Result "0-1"]
[WhiteElo "1087"]
[BlackElo "1376"]
[TimeControl "300"]
[EndTime "3:35:39 PDT"]
[Termination "ItsNot_Jasper won by resignation"]

1. d4 Nf6 2. c4 e6 3. Nc3 d5 4. Bg5 Be7 5. f3 c5 6. cxd5 Nxd5 7. e4 Nxc3 8. bxc3 Bxg5 9. Nh3 Nc6 10. f4 Be7 11. Qh5 cxd4 12. Ng5 Bxg5 13. fxg5 dxc3 14. Rd1 Qa5 15. Kf2 c2 16. Rc1 0-1

[Event "Live Chess"]
[Site "Chess.com"]
[Date "2023.05.21"]
[Round "-"]
[White "Richardallis"]
[Black "WombatIn_A_Box"]
[Result "1-0"]
[WhiteElo "1881"]
[BlackElo "570"]
[TimeControl "300"]
[EndTime "3:35:42 PDT"]
[Termination "Richardallis won by checkmate"]

1. d4 d5 2. Nf3 Nf6 3. Bg5 h6 4. Bh4 g5 5. Bg3 g4 6. Ne5 Ne4 7. e3 Nxg3 8. hxg3 f6 9. Nxg4 h5 10. Nh2 Bg4 11. Nxg4 hxg4 12. Rxh8 Nc6 13. Qxg4 e5 14.
dxe5 Nxe5 15. Qe6+ Qe7 16. Qxe7+ Kxe7 17. Nd2 Nf7 18. Rh7 Re8 19. Bb5 c6 20. Bd3 a6 21.
Bg6 Ke6 22. Bxf7+ Kd7 23. Bxe8+ Kxe8 24. Rxb7 c5 25. Rb8+ Kf7 26. Rxf8+ Kxf8 27. O-O-O Kf7 28. Nf3 Ke6 29. Rd3 c4 30. Ra3 a5 31. Rxa5 Kd6 32.
Nd4 f5 33. Nxf5+ Ke5 34. g4 Kf6 35. f4 c3 36. bxc3 d4 37. cxd4 Ke6 38. Re5+ Kf6 39. d5 Kf7 40. d6 Kf8 41. d7 Kf7 42. a4 Kf8 43. d8=Q+ Kf7 44. Qe8+ Kf6 45. Qe7+ Kg6 46. Qg7# 1-0

[Event "Live Chess"]
[Site "Chess.com"]
[Date "2023.05.21"]
[Round "-"]
[White "apl_trainer"]
[Black "SmoothBaron"]
[Result "0-1"]
[WhiteElo "1774"]
[BlackElo "2353"]
[TimeControl "300"]
[EndTime "3:35:45 PDT"]
[Termination "SmoothBaron won by resignation"]

1. d4 d5 2. c4 e6 3. Nc3 Nf6 4. Nf3 c6 5. Bg5 dxc4 6. e4 b5 7. e5 h6 8. Bh4 g5 9. exf6 gxh4 10. Ne5 Bd6 11. Qh5 Qxf6 12. Ne4 Bb4+ 13. Kd1 Qf5 14.
Qxh4 Be7 0-1

[Event "Live Chess"]
[Site "Chess.com"]
[Date "2023.05.21"]
[Round "-"]
[White "Doge_Dandolo"]
[Black "f4nomore"]
[Result "1-0"]
[WhiteElo "1872"]
[BlackElo "1412"]
[TimeControl "300"]
[EndTime "3:35:54 PDT"]
[Termination "Doge_Dandolo won on time"]

1. Nf3 g6 2. c4 Bg7 3. Nc3 d6 4. d4 Nd7 5. e4 b6 6. h3 Bb7 7.
Be3 Ngf6 8. Qc2 O-O 9. Be2 c5 10. d5 e6 11. O-O exd5 12. cxd5 a6 13. a4 Qc8 14. Nd2 Ne5 15. f4 Ned7 16. Nc4 Nh5 17. Nxd6 Qb8 18. e5 Nxe5 19. fxe5 Bxe5 20. Bxh5 Bxd6 21. Bh6 Qc7 22. Bxf8 Rxf8 23. Bf3 f5 24. Rae1 Bg3 25. Re6 Bc8 26. d6 Qg7 27. Re7 Qd4+ 28.
Kh1 Qxd6 29. Bd5+ Kh8 30. Qe2 Qf6 31. Rf3 Bh4 32. Qe5 Qxe5 33. Rxe5 Bf6 34. Re1 Bxc3 35. Rxc3 Bd7 36. a5 bxa5 37. Rxc5 Bb5 38. Bc4 Bxc4 39. Rxc4 Rb8 40. Re2 Kg7 41. Rc7+ Kh6 42. Ra7 Rb6 43. Kg1 a4 44. Kf2 a3 45. bxa3 Kg5 46. g3 h5 47.
Rc2 f4 48. gxf4+ Kxf4 49. Rc4+ Ke5 50. Ra4 Rb2+ 51. Kg3 Rb3+ 52. Kh4 Kf5 53. Rf7+ Ke6 54. Rf1 Rb6 55. Re4+ Kd5 56. Rff4 a5 57. Ra4 1-0

[Event "Live Chess"]
[Site "Chess.com"]
[Date "2023.05.21"]
[Round "-"]
[White "NatashaRegan"]
[Black "TheSmoulderingMaster"]
[Result "1-0"]
[WhiteElo "1726"]
[BlackElo "1669"]
[TimeControl "300"]
[EndTime "3:35:54 PDT"]
[Termination "NatashaRegan won by resignation"]

1. e4 c5 2. d4 cxd4 3. c3 dxc3 4. Nxc3 d6 5. Nf3 Nc6 6. Bc4 e6 7. O-O Nf6 8. Qe2 e5 9. Rd1 Be7 10. Be3 O-O 11. Rac1 Bg4 12. h3 Bh5 13. a3 a6 14.
b4 Re8 15. g4 Bg6 16. b5 axb5 17. Nxb5 Bxe4 18. Bxf7+ Kxf7 19. Ng5+ Kg8 20. Nxe4 Nxe4 21. Qc4+ d5 22. Rxd5 Nd6 23. Rxd6+ 1-0

[Event "Live Chess"]
[Site "Chess.com"]
[Date "2023.05.21"]
[Round "-"]
[White "Rusty_Bridges"]
[Black "Tiltador"]
[Result "1-0"]
[WhiteElo "1505"]
[BlackElo "864"]
[TimeControl "300"]
[EndTime "3:35:55 PDT"]
[Termination "Rusty_Bridges won by resignation"]

1. e4 d5 2. exd5 Qxd5 3. Nc3 Qe6+ 4. Be2 Nc6 5. Nf3 f6 6. O-O g6 7. Re1 Bg7 8. Bb5 Qd6 9. Ne4 Qb4 10. a4 e5 11. d3 Bd7 12. Ra3 Nge7 13. Rb3 Qa5 14. Bd2 Qb6 15. a5 Qxb5 16. Rxb5 Nd4 17. Nxd4 exd4 18.
Rxb7 O-O 19. Rxc7 Rfd8 20. Rb7 Nd5 21. Qf3 f5 22. Nc5 Bc6 23. Rxg7+ Kxg7 24. Qg3 Nf6 25. Ne6+ Kg8 26. Nxd8 Rxd8 27. Qe5 Kg7 28. Qe7+ Kg8 29. Qxd8+ Be8 30. Rxe8+ Nxe8 31. Qxe8+ Kg7 32. Bf4 Kf6 33. Qd8+ Kg7 34. Qxd4+ Kg8 35. Qd7 a6 36. Be5 Kf8 37. c4 h5 38. c5 g5 39. c6 f4 40. c7 1-0